AoeStats
← Warrior

Nomad

510281796Analyzed
4v4 RM · 19h ago on Sep 30, 2026· 42m 1s· 8 players
Game mode
Random Map
Map size
231×231
Population
200
Speed
Normal
Resources
Standard
Victory
Conquest
Starting age
Dark Age
Ending age
Imperial Age
RankedLock teamsTeams togetherTeam positionsShared explorationLock speedFull tech treeHidden civsTurbo modeCheats
Victory
Defeat
🇨🇳 Byzantines · China
1348
+11
🇨🇳 Italians · China
1339
+11
🇷🇺 Mongols · Russia
1325
+12
🇩🇿 Huns · Algeria
1322
+12
🇨🇳 Poles · China
1284
-13
🇨🇳 Tatars · China
1269
-13
🇨🇳 Mongols · China
1226
-11
🇨🇳 Burgundians · China
1169
-9
Warrior
4:16 Loom
5:31 Loom
14:50 Feudal Age
18:40 Castle Age
16:41 Stone Mining
17:09 Double-Bit Axe
17:29 Gold Mining
17:21 Horse Collar
21:26 Fletching
21:56 Town Watch
23:24 Bow Saw
25:26 Bodkin Arrow
25:39 Scale Mail Armor
26:21 Scale Mail Armor
28:25 Bloodlines
29:23 Ballistics
29:17 Padded Archer Armor
29:27 Husbandry
32:42 Thumb Ring
38:42 Leather Archer Armor
长相犯罪
3:25 Loom
13:43 Feudal Age
14:12 Fishing Lines
15:06 Double-Bit Axe
16:09 Gold Mining
18:49 Castle Age
18:14 Fletching
18:24 Padded Archer Armor
18:31 Stone Mining
19:23 Wheelbarrow
19:52 Medium Warships
20:03 Bodkin Arrow
21:47 Gillnets
22:55 Bow Saw
23:08 Leather Archer Armor
24:52 Stone Shaft Mining
24:42 Horse Collar
26:26 Hand Cart
25:58 Town Watch
26:47 Heavy Plow
32:11 Imperial Age
32:54 Bracer
33:25 Ring Archer Armor
33:17 Conscription
34:06 Chemistry
32:47 Treadmill Crane
33:56 Elite Genoese Crossbowman
38:17 Ballistics
37:38 Treadmill Crane
38:10 Guilds
40:21 Coinage
42:19 Crop Rotation
42:52 Two-Man Saw
FF熊熊
13:28 Loom
23:15 Feudal Age
28:08 Wheelbarrow
27:44 Stone Mining
27:42 Double-Bit Axe
27:40 Fishing Lines
28:51 Horse Collar
29:19 Gold Mining
32:01 Castle Age
31:28 Scale Barding Armor
33:49 Forging
34:00 Gillnets
35:48 Husbandry
36:40 Chain Barding Armor
36:44 Bow Saw
38:04 Iron Casting
40:55 Gold Shaft Mining
40:56 Stone Shaft Mining
WololoMyEx
5:34 Loom
15:18 Feudal Age
16:01 Double-Bit Axe
21:30 Castle Age
19:13 Horse Collar
20:55 Wheelbarrow
21:47 Scale Barding Armor
22:48 Bow Saw
23:06 Chain Barding Armor
23:57 Heavy Plow
30:22 Forging
32:56 Scale Mail Armor
32:25 Pikeman
33:05 Squires
34:14 Chain Mail Armor
40:56 Arson
青柑普洱
6:27 Loom
15:07 Feudal Age
16:20 Double-Bit Axe
22:37 Castle Age
21:18 Fishing Lines
22:50 Fletching
23:01 Padded Archer Armor
23:46 Bodkin Arrow
24:43 Leather Archer Armor
25:11 Husbandry
25:37 Gold Mining
27:19 Bloodlines
31:34 Ballistics
jinzhi
11:12 Loom
15:02 Feudal Age
13:46 Double-Bit Axe
13:49 Horse Collar
19:31 Castle Age
20:28 Scale Barding Armor
20:33 Forging
22:07 Wheelbarrow
22:59 Cavalier
26:28 Husbandry
27:15 Chain Barding Armor
29:45 Iron Casting
30:33 Gold Mining
30:57 Bow Saw
30:50 Heavy Plow
37:38 Hand Cart
37:12 Town Watch
40:15 Imperial Age
LUPIN IV
5:18 Loom
14:36 Feudal Age
19:25 Castle Age
18:11 Double-Bit Axe
18:50 Scale Barding Armor
20:19 Bow Saw
21:26 Horse Collar
22:30 Szlachta Privileges
22:37 Forging
24:50 Iron Casting
25:54 Chain Barding Armor
26:33 Bloodlines
27:01 Husbandry
35:21 Gold Mining
41:12 Imperial Age
39:19 Wheelbarrow
38:56 Scale Mail Armor
39:01 Squires
39:38 Heavy Plow
40:09 Chain Mail Armor
41:15 Elite Obuch
41:18 Capped Ram
YUZ
5:23 Loom
13:11 Feudal Age
Connection lost

Rejoining the realm…

Still unreachable

The connection could not be restored.

Session expired

The server has moved on; the page needs a fresh start.